 Dungeon Crawl Stone Soup version 0.30-a0-852-g08b95dd62f (webtiles) character file.

Game seed: 516298583043637909

304 cforsyth the Magician (level 6, -1/32 HPs)
             Began as a Deep Elf Earth Elementalist on Mar 5, 2023.
             Shot with an arrow by a centaur (12 damage)
             ... on level 4 of the Dungeon.
             The game lasted 00:02:29 (2356 turns).

cforsyth the Magician (Deep Elf Earth Elementalist) Turns: 2356, Time: 00:02:29

Health: -1/32      AC:  4    Str:  5    XL:     6   Next: 15%
Magic:  8/17       EV: 12    Int: 22    God:
Gold:   180        SH:  0    Dex: 15    Spells: 17/18 levels left

rFire   . . .      SeeInvis .    (no weapon)
rCold   . . .      Faith    .    (no shield)
rNeg    . . .      Spirit   .    a - +0 robe
rPois   .          Reflect  .    r - +0 helmet
rElec   .          Rampage  .    (no cloak)
rCorr   .                        k - +0 pair of gloves
Will    .....                    (no boots)
Stlth   ++                       (no amulet)
HPRegen 0.25/turn                (no ring)
MPRegen 0.15/turn                (no ring)

@: no status effects
A: no striking features
a: no special abilities


You were on level 4 of the Dungeon.
You visited 1 branch of the dungeon, and saw 4 of its levels.

You collected 180 gold pieces.

Inventory:

Armour
 a - a +0 robe (worn)
 k - a +0 pair of gloves (worn)
 r - a +0 helmet (worn)
Jewellery
 g - an amulet of regeneration
 m - a ring of poison resistance
 p - a ring of magical power
Scrolls
 c - 6 scrolls of identify {unknown}
 e - 2 scrolls of fear {unknown}
 f - 2 scrolls of enchant armour {unknown}
 o - a scroll of enchant weapon {unknown}
 q - a scroll of poison {unknown}
 s - a scroll of teleportation {unknown}
Potions
 b - a potion of magic
 d - 4 potions of heal wounds {unknown}
 h - a potion of berserk rage {unknown}
 i - a potion of resistance {unknown}
 j - a potion of might {unknown}
 l - 2 potions of brilliance {unknown}
 n - a potion of degeneration {unknown}


   Skills:
 - Level 2.4 Dodging
 - Level 2.4 Stealth
 + Level 6.5 Spellcasting
 - Level 1.1 Transmutations
 + Level 5.8 Earth Magic


You had 17 spell levels left.
You knew the following spells:

 Your Spells              Type           Power      Damage    Failure   Level
a - Sandblast             Erth           66%        2d15      1%          1

Your spell library contained the following spells:

 Spells                   Type           Power      Damage    Failure   Level
 Passwall                 Tmut/Erth      18%        N/A       3%          2
 Stone Arrow              Conj/Erth      40%        3d9       8%          3
 Petrify                  Tmut/Erth      22%        N/A       21%         4
 Manifold Assault         Tloc           7%         N/A       65%         4
 Dispersal                Tloc           3%         N/A       100%        6
 Disjunction              Tloc           3%         N/A       100%        8


Dungeon Overview and Level Annotations

Branches:
Dungeon (4/15)
 Temple: D:4-7

Altars:
Gozag

Shops:
D:1 !


Message History

You have reached level 6!
The blast of sand hits the hobgoblin but does no damage.
The hobgoblin barely misses you. x2
The blast of sand hits the hobgoblin.
The hobgoblin is heavily wounded.
The hobgoblin misses you.
The blast of sand hits the hobgoblin.
You kill the hobgoblin!
You can't see any susceptible monsters within range! (Use Z to cast anyway.)
A centaur comes into view.
A centaur is nearby!
A centaur is nearby!
A centaur is nearby!
f - 2 scrolls labelled ALIRONE BOHERGH (gained 1)
The centaur wields a +0 shortbow.
The centaur shoots an arrow.
The arrow hits you!
The centaur shoots an arrow.
The arrow misses you.
You see here a hobgoblin corpse.
You can't see any susceptible monsters within range! (Use Z to cast anyway.)
You can't see any susceptible monsters within range! (Use Z to cast anyway.)
You can't see any susceptible monsters within range! (Use Z to cast anyway.)
You can't see any susceptible monsters within range! (Use Z to cast anyway.)
Found a stone staircase leading up.
The centaur shoots an arrow.
The arrow misses you.
You can't see any susceptible monsters within range! (Use Z to cast anyway.)
You can't see any susceptible monsters within range! (Use Z to cast anyway.)
The centaur shoots an arrow.
The arrow barely misses you.
The centaur shoots an arrow.
The arrow closely misses you.
The blast of sand misses the centaur.
The centaur shoots an arrow.
The arrow hits you!
You are too injured to fight recklessly!
You are too injured to fight recklessly!
Casting: Sandblast (safe; 1% risk of failure)
Confirm with . or Enter, or press ? or * to list all spells.
Aiming: Sandblast (safe; 1% risk of failure)
Press: ? - help, Shift-Dir - straight line, f/p - centaur
Aim: a centaur, wielding a +0 shortbow (90% to hit)
The blast of sand hits the centaur!
The centaur is severely wounded.
The centaur shoots an arrow.
The arrow hits you!
You die...

.......... ....<.>. #
....#.. .. ##.#.#.# ...
#......# ....
#...##.############
.....#...†..............
.........##.###.........
.......@....# #.........
#.##........###.........
........................
##.##c......#...........
.. ........#...........
. ##...)...#...))......
###.###.#...........
#.###.#....#######
###..........#


You could see a centaur.

Vanquished Creatures
  A scorpion (D:4)
  An orc priest (D:3)
  Jessica (D:3)
  4 gnolls
  8 adders
  A shadow imp (D:3)
  A worm (D:2)
  2 dart slugs
  2 orcs (D:3)
  3 bats
  9 endoplasms
  2 giant cockroaches
  3 goblins
  7 hobgoblins
  6 quokkas
  2 ball pythons
  6 frilled lizards
  6 kobolds
  7 rats
72 creatures vanquished.

Notes
Turn   | Place    | Note
-------+----------+-------------------------------------------
     0 | D:1      | cforsyth the Deep Elf Earth Elementalist began the quest
                  | for the Orb.
     0 | D:1      | Reached XP level 1. HP: 10/10 MP: 6/6
   135 | D:1      | Reached XP level 2. HP: 15/15 MP: 4/8
   381 | D:1      | Found Jaqasa's Distillery.
   497 | D:1      | Reached skill level 4 in Spellcasting
   621 | D:1      | Reached XP level 3. HP: 19/19 MP: 7/10
   763 | D:2      | Found an opulent altar of Gozag.
  1046 | D:2      | Reached XP level 4. HP: 24/24 MP: 6/12
  1050 | D:2      | Reached skill level 5 in Spellcasting
  1163 | D:2      | Found a faded altar of an unknown god.
  1721 | D:3      | Reached skill level 5 in Earth Magic
  1721 | D:3      | Reached XP level 5. HP: 27/28 MP: 12/15
  1873 | D:3      | Noticed Jessica
  1876 | D:3      | Killed Jessica
  2140 | D:3      | Reached skill level 6 in Spellcasting
  2336 | D:4      | Reached XP level 6. HP: 32/32 MP: 10/17
  2356 | D:4      | Shot with an arrow by a centaur

Illustrated notes

Levels and vault maps discovered:
D:1:      lemuel_arrival_muddy, layout_basic, serial_shops,
          nicolae_shop_waterfront
D:2:      layout_loops_ring, shapermc_ecumenical_altar_notcrosses, basic_altar,
          minivault_26, minmay_liquid_box, kennysheep_boxes
D:3:      layout_rooms, kennysheep_generic_room_12, uniq_jessica
D:4:      layout_basic, uniq_sigmund

Skill      XL: |  1  2  3  4  5 |
---------------+----------------+-----
Spellcasting   | 4 5 6 |  6.5
Earth Magic    | 4 5 |  5.8
Dodging        | |  2.4
Stealth        | |  2.4
Transmutations | |  1.1

Action                     |  1- 3 |  4- 6 || total
---------------------------+-------+-------++-------
   Cast: Sandblast         |    37 |    62 ||    99
 Armour: Robe              |     3 |     2 ||     5
  Dodge: Dodged            |     3 |    21 ||    24

Table legend: (Time is in decaauts)
 A = Elapsed time spent in this place.
 B = Non-inter-level travel time spent in this place.
 C = Inter-level travel time spent in this place.
 D = Time resting spent in this place.
 E = Time spent auto-exploring this place.
 F = Levels seen in this place.
 G = Mean time per level.
                   A        B        C        D        E       F      G
               +--------+--------+--------+--------+--------+-----+--------+
         Total |   2408 |   2319 |     89 |      0 |   1957 |   4 |  602.0 |
       Dungeon |   2408 |   2319 |     89 |      0 |   1957 |   4 |  602.0 |
               +--------+--------+--------+--------+--------+-----+--------+

Top non-repeatable levels by time:
     D:2: 869 daAuts
     D:1: 758 daAuts
     D:3: 695 daAuts
     D:4: 85 daAuts
